 Dungeon Crawl Stone Soup version 0.20.0-15-g7f486f2 (webtiles) character file.

10653 VajrapaniSR the Severer (level 11, 0/105 HPs)
             Began as a Minotaur Berserker on June 30, 2017.
             Was a Priest of Trog.
             Slain by a hippogriff (1 damage)
             ... on level 14 of the Dungeon.
             The game lasted 00:48:40 (3562 turns).

VajrapaniSR the Severer (Minotaur Berserker)        Turns: 3562, Time: 00:48:42

Health: 0/105      AC:  7    Str: 25    XL:     11   Next: 39%
Magic:  10/10      EV:  7    Int:  4    God:    Trog [***...]
Gold:   276        SH: 12    Dex: 13    Spells: 10/10 levels left

rFire    . . .     SeeInvis .   a - +0 war axe
rCold    . . .     Gourm    .   t - +0 large shield
rNeg     . . .     Faith    .   l - +0 troll leather armour
rPois    .         Spirit   .   (helmet restricted)
rElec    .         Reflect  .   (no cloak)
rCorr    .         Harm     .   j - +0 pair of gloves
MR       ++...                  h - +0 pair of boots
Stlth    ..........             f - amulet of magic regeneration
Regen    1.7/turn               d - ring of loudness (curse)
MPRegen  0.2/turn               m - +3 ring of strength

@: berserk cooldown, regenerating, slowed, very slow
A: retaliatory headbutt, horns 2
a: Berserk, Trog's Hand, Burn Spellbooks, Renounce Religion


You were on level 14 of the Dungeon.
You worshipped Trog.
Trog was most pleased with you.
You were hungry.

You visited 1 branch of the dungeon, and saw 14 of its levels.

You collected 276 gold pieces.

Inventory:

Hand Weapons
 a - a +0 war axe (weapon)
 b - a +0 morningstar
 D - a +0 battleaxe
Armour
 h - a +0 pair of boots (worn)
 j - a +0 pair of gloves (worn)
 l - a +0 troll leather armour (worn)
 t - a +0 large shield (worn)
 x - +0 pearl dragon scales
Jewellery
 d - a cursed ring of loudness (left hand)
 f - an amulet of magic regeneration (around neck)
 i - a +2 ring of strength
 m - a +3 ring of strength (right hand)
 o - an uncursed ring of see invisible
Wands
 v - a wand of paralysis (9/24)
 E - a wand of polymorph (8/24)
Scrolls
 e - 2 scrolls of fog
 n - a scroll of enchant weapon
 q - a scroll of noise
 r - 2 scrolls of enchant armour
 w - a scroll of magic mapping
Potions
 k - a potion of curing
 s - 2 potions of magic
 u - a potion of mutation
 y - a potion of might {unknown}
 z - a potion of cancellation {unknown}
 A - a potion of flight {unknown}
 F - a potion of invisibility {unknown}
Comestibles
 c - 4 bread rations
 G - 2 royal jellies


   Skills:
 + Level 12.3 Fighting
 * Level 16.5 Axes
 - Level 5.1 Armour
 - Level 2.1 Dodging


You had 10 spell levels left.
You didn't know any spells.

Dungeon Overview and Level Annotations

Branches:
Dungeon (14/15)            Temple (0/1) D:6            Lair (0/6) D:8
    Orc (0/2) D:11         Vaults (0/5) D:14

Altars:
Dithmenos

Annotations:
D:10 gastronok, Gastronok
D:13 exclusion: 3 doors


Innate Abilities, Weirdness & Mutations

You reflexively headbutt those who attack you in melee.
You have a pair of horns on your head.


Message History

Okay, then.
Unknown command.
Your skin crawls.
You feel resistant to hostile enchantments.
You feel somewhat more hungry. You block the hippogriff's attack.
The hippogriff pecks you.
* * * LOW HITPOINT WARNING * * *
The hippogriff claws you.
* * * LOW HITPOINT WARNING * * *
You block the troll's attack. x2; The troll claws you!
* * * LOW HITPOINT WARNING * * *
Unknown command.
Your shield prevents you from hitting the hippogriff.
The hippogriff is severely wounded.
You completely miss the troll.
The hippogriff bites you but does no damage.
The hippogriff pecks you.
* * * LOW HITPOINT WARNING * * *
The hippogriff claws you.
You die...

###############
...............
#..# #..# ..#
#.@# ...# #TH#
(..# #Hc# ...#
#5F# ###...##.
#..###........
#..)))....#
#...)[..[##
#..###cH## #..#
#..##


You could see a manticore, a hippogriff, a troll, a bullfrog, a centaur and a
shadow imp.

Vanquished Creatures
  Snorg (D:11)
  4 vault guards (D:14)
  2 two-headed ogres
  2 unseen horrors
  2 deep elf magi (D:12)
  An ugly thing (D:11)
  A tengu conjurer (D:14)
  2 trolls (D:10)
  2 hippogriffs
  2 wyverns
  A steam dragon (D:8)
  An acid dragon (D:11)
  A water moccasin (D:8)
  3 orc warriors
  A black bear (D:10)
  3 ogres
  A necrophage (D:14)
  A crocodile (D:12)
  3 bullfrogs
  A water moccasin zombie (D:11)
  A wyvern skeleton (D:10)
  2 scorpions
  3 howler monkeys (D:10)
  A centaur zombie (D:11)
  A crimson imp (D:8)
  A hound (D:8)
  A centaur skeleton (D:12)
  A gnoll shaman (D:6)
  3 orc priests
  3 bullfrog skeletons
  2 iguanas
  5 orc wizards
  3 worker ants
  10 gnolls
  4 adders
  A shadow imp (D:7)
  An ooze (D:5)
  2 adder skeletons
  9 orcs
  2 giant cockroaches
  3 hobgoblins
  7 jackals
  2 quokkas
  A ball python (D:2)
  3 bats
  A frilled lizard (D:5)
  A rat (D:3)
109 creatures vanquished.

Notes
Turn   | Place    | Note
-------+----------+-------------------------------------------
     0 | D:1      | VajrapaniSR the Minotaur Berserker began the quest for the Orb.
     0 | D:1      | Reached XP level 1. HP: 19/19 MP: 0/0
   386 | D:1      | Reached skill level 4 in Axes
   450 | D:3      | Reached XP level 2. HP: 27/27 MP: 1/1
   483 | D:5      | Entered Level 5 of the Dungeon
   550 | D:5      | Reached XP level 3. HP: 30/33 MP: 2/2
   580 | D:7      | Reached skill level 5 in Axes
   584 | D:7      | Reached XP level 4. HP: 41/41 MP: 3/3
   659 | D:7      | Noticed a bullfrog
   667 | D:7      | Killed a bullfrog
   667 | D:7      | Reached skill level 6 in Axes
   689 | D:7      | Reached ** piety under Trog
   689 | D:7      | Reached skill level 5 in Fighting
   689 | D:7      | Reached XP level 5. HP: 48/48 MP: 4/4
   691 | D:7      | Noticed a hippogriff
   713 | D:7      | HP: 2/48 [hippogriff (4)]
   717 | D:7      | Killed a hippogriff
   717 | D:7      | Reached skill level 7 in Axes
   717 | D:7      | Reached XP level 6. HP: 15/57 MP: 5/5
   772 | D:5      | Reached skill level 8 in Axes
   862 | D:6      | Reached XP level 7. HP: 37/63 MP: 6/6
   904 | D:6      | Found a staircase to the Ecumenical Temple.
  1120 | D:8      | Found a staircase to the Lair.
  1125 | D:8      | Noticed a steam dragon
  1135 | D:8      | Killed a steam dragon
  1135 | D:8      | Reached skill level 9 in Axes
  1138 | D:8      | Noticed a two-headed ogre
  1169 | D:7      | Found a shadowy altar of Dithmenos.
  1208 | D:8      | HP: 3/64 [two-headed ogre/giant club (19)]
  1209 | D:8      | Killed a two-headed ogre
  1209 | D:8      | Reached skill level 10 in Axes
  1209 | D:8      | Reached XP level 8. HP: 4/74 MP: 7/7
  1239 | D:8      | Noticed a hippogriff
  1289 | D:8      | Killed a hippogriff
  1289 | D:8      | Reached skill level 11 in Axes
  1662 | D:9      | Reached XP level 9. HP: 82/82 MP: 8/8
  1738 | D:10     | Entered Level 10 of the Dungeon
  1794 | D:10     | Noticed a troll
  1806 | D:10     | Killed a troll
  1806 | D:10     | Reached skill level 12 in Axes
  2168 | D:10     | Killed an unseen horror
  2168 | D:10     | Reached skill level 5 in Armour
  2349 | D:11     | Reached skill level 13 in Axes
  2417 | D:10     | Noticed a troll
  2421 | D:11     | Noticed a red ugly thing
  2431 | D:11     | Killed a red ugly thing
  2431 | D:11     | Reached skill level 10 in Fighting
  2459 | D:11     | Noticed an unseen horror
  2466 | D:11     | Killed an unseen horror
  2466 | D:11     | Reached *** piety under Trog
  2466 | D:11     | Reached XP level 10. HP: 50/94 MP: 9/9
  2560 | D:10     | Reached skill level 14 in Axes
  2588 | D:10     | Noticed Gastronok
  2611 | D:12     | Noticed a two-headed ogre
  2616 | D:12     | Killed a two-headed ogre
  2714 | D:11     | Found a staircase to the Orcish Mines.
  2720 | D:11     | Noticed Snorg
  2733 | D:11     | Killed Snorg
  2733 | D:11     | Reached skill level 15 in Axes
  2948 | D:12     | Noticed a deep elf mage
  2974 | D:12     | HP: 2/96 [neqoxec[a deep elf mage] (3)]
  2975 | D:12     | Killed a deep elf mage
  3081 | D:12     | Noticed a deep elf mage
  3134 | D:12     | Killed a deep elf mage
  3428 | D:14     | Reached XP level 11. HP: 94/104 MP: 10/10
  3509 | D:14     | Found a gate to the Vaults.
  3509 | D:14     | Noticed a vault guard
  3509 | D:14     | Noticed a vault guard
  3509 | D:14     | Noticed a vault guard
  3510 | D:14     | Noticed a vault guard
  3519 | D:14     | Killed a vault guard
  3523 | D:14     | Killed a vault guard
  3523 | D:14     | Reached skill level 16 in Axes
  3532 | D:14     | Killed a vault guard
  3538 | D:14     | Killed a vault guard
  3542 | D:14     | HP: 1/105 [hippogriff (5)]
  3561 | D:14     | HP: 4/105 [troll (9)]
  3562 | D:14     | HP: 1/105 [hippogriff (6)]
  3562 | D:14     | Slain by a hippogriff

Skill      XL: |  1  2  3  4  5  6  7  8  9 10 11 |
---------------+----------------------------------+-----
Axes           | 4 5 6 7 8 10 11 13 15 16 | 16.5
Fighting       | 4 5 6 8 10 11 12 | 12.3
Armour         | 3 5 |  5.1
Dodging        | |  2.1

Action                   |  1- 3 |  4- 6 |  7- 9 | 10-12 || total
-------------------------+-------+-------+-------+-------++-------
Melee: Hand axe          |    28 |    36 |   153 |       ||   217
       Headbutt          |     4 |    10 |    31 |    29 ||    74
       War axe           |       |       |    20 |   114 ||   134
Invok: Berserk           |     1 |     3 |    15 |     9 ||    28
       Burn Spellbooks   |       |     1 |     1 |       ||     2
       Trog's Hand       |       |     1 |     2 |     3 ||     6
Evoke: Wand              |       |       |       |     9 ||     9
  Use: Scroll            |       |     2 |     6 |     4 ||    12
       Potion            |       |     2 |       |     3 ||     5
 Stab: Paralysed         |       |       |       |     2 ||     2
  Eat: Chunk             |       |     3 |    20 |     8 ||    31
       Fruit             |       |       |     2 |     2 ||     4
       Royal jelly       |       |       |       |     1 ||     1
Armor: Chain mail        |    13 |    27 |    40 |       ||    80
       Troll leather arm |       |       |    30 |    26 ||    56
       Pearl dragon scal |       |       |    14 |       ||    14
Dodge: Dodged            |    22 |    35 |    35 |    22 ||   114
Block: Large shield      |       |       |   100 |    73 ||   173
